3AA
ATLANTIC CITY SONICS @ BATTLE GROUND AEROS
08/23/2022
 
TOP OF THE 1ST
Atlantic City Sonics batting - Pitching for Battle Ground Aeros : RHP Jim Unknown
Pitching: RHP Jim Unknown
Batting: SHB David Snyder 0-0: Called Strike
0-1: Fly out, F7 (Flyball, 7LM)
Batting: LHB Kip Burks 0-0: Ball
1-0: Ball
2-0: Swinging Strike
2-1: Called Strike
2-2: Strikes out swinging
Batting: LHB Francisco Ortega 0-0: Ball
1-0: Foul Ball, location: 2F
1-1: Foul Ball, location: 2F
1-2: SINGLE (Line Drive, 89S)
Batting: RHB Martín Álvarez 0-0: Ball
1-0: Called Strike
1-1: Called Strike
1-2: Foul Ball, location: 2F
1-2: Fly out, F9 (Line Drive, 89M)
Top of the 1st over - 0 run(s), 1 hit(s), 0 error(s), 1 left on base; Atlantic City 0 - Battle Ground 0
BOTTOM OF THE 1ST
Battle Ground Aeros batting - Pitching for Atlantic City Sonics : RHP R.J. Anderson
Pitching: RHP R.J. Anderson
Batting: SHB Shawn Sánchez 0-0: Ball
1-0: Ball
2-0: Ball
3-0: Called Strike
3-1: Called Strike
3-2: Fly out, F7 (Flyball, 7LM)
Batting: RHB Jim Unknown 0-0: Ball
1-0: Ball
2-0: Foul Ball, location: 2F
2-1: Ball
3-1: Foul Ball, location: 2F
3-2: Base on Balls
Batting: RHB Jim Unknown 0-0: Fly out, F9 (Flyball, 89S)
Batting: LHB Edgardo Téllez 0-0: Fly out, F7 (Flyball, 7M)
Bottom of the 1st over - 0 run(s), 0 hit(s), 0 error(s), 1 left on base; Atlantic City 0 - Battle Ground 0
TOP OF THE 2ND
Atlantic City Sonics batting - Pitching for Battle Ground Aeros : RHP Jim Unknown
Batting: LHB Pedro López 0-0: Ball
1-0: Swinging Strike
1-1: Swinging Strike
1-2: Ball
2-2: Ball
3-2: Ground out 4-3 (Groundball, 4)
Batting: RHB César Ramírez 0-0: Called Strike
0-1: Called Strike
0-2: Foul Ball, location: 2F
0-2: SINGLE (Line Drive, 8LS)
Batting: RHB Luis Garza 0-0: Called Strike
0-1: Ball
1-1: Foul Ball, location: 2F
1-2: Strikes out swinging
Batting: LHB Neal Hart 0-0: Ball
1-0: Ball
2-0: Ball
3-0: Called Strike
3-1: Called Strike
3-2: Foul Ball, location: 2F
3-2: Strikes out swinging
Top of the 2nd over - 0 run(s), 1 hit(s), 0 error(s), 1 left on base; Atlantic City 0 - Battle Ground 0
BOTTOM OF THE 2ND
Battle Ground Aeros batting - Pitching for Atlantic City Sonics : RHP R.J. Anderson
Batting: RHB Jaime Chavarriaga 0-0: Fly out, F5 (Line Drive, 5)
Batting: LHB Jim Unknown 0-0: Ball
1-0: Bunted foul
1-1: Ball
2-1: Ball
3-1: Base on Balls
Batting: RHB Jim Unknown 0-0: Foul Ball, location: 2F
0-1: Ball
1-1: Ball
2-1: Ball
3-1: Base on Balls
Jim Unknown to second
Batting: RHB Jim Unknown 0-0: SINGLE (Flyball, 7S)
Jim Unknown to third
Jim Unknown to second
Runner from 3rd tries for Home, SAFE, no throw or cutoff
Batting: RHB Daniel Cooper 0-0: Swinging Strike
0-1: Called Strike
0-2: Ball
1-2: Ball
2-2: Ball
3-2: Fly out, F7 (Flyball, 7LM)
Batting: SHB Shawn Sánchez 0-0: Swinging Strike
0-1: Ball
1-1: Ball
2-1: Foul Ball, location: 2F
2-2: Strikes out looking
Bottom of the 2nd over - 1 run(s), 1 hit(s), 0 error(s), 2 left on base; Atlantic City 0 - Battle Ground 1
TOP OF THE 3RD
Atlantic City Sonics batting - Pitching for Battle Ground Aeros : RHP Jim Unknown
Batting: RHB Chris Henderson 0-0: Ball
1-0: Ball
2-0: Ball
3-0: Called Strike
3-1: Foul Ball, location: 2F
3-2: Foul Ball, location: 2F
3-2: Foul Ball, location: 2F
3-2: Foul Ball, location: 2F
3-2: Base on Balls
Batting: SHB David Snyder 0-0: Swinging Strike
0-1: Ball
1-1: Ball
2-1: Swinging Strike
2-2: Strikes out swinging
Batting: LHB Kip Burks 0-0: Swinging Strike
0-1: Ball
1-1: Swinging Strike
1-2: Ball
2-2: Foul Ball, location: 2F
2-2: Fielders Choice at 2nd, 3-6 (Groundball, 34)
Batting: LHB Francisco Ortega 0-0: Ball
1-0: Foul Ball, location: 2F
1-1: Ball
2-1: Foul Ball, location: 2F
2-2: Hit by Pitch
Kip Burks to second
Batting: RHB Martín Álvarez 0-0: SINGLE (Line Drive, 56)
Kip Burks to third
Francisco Ortega to second
Runner from 3rd tries for Home, SAFE, no throw or cutoff
Batting: LHB Pedro López 0-0: Fly out, F7 (Flyball, 7M)
Top of the 3rd over - 1 run(s), 1 hit(s), 0 error(s), 2 left on base; Atlantic City 1 - Battle Ground 1
BOTTOM OF THE 3RD
Battle Ground Aeros batting - Pitching for Atlantic City Sonics : RHP R.J. Anderson
Batting: RHB Jim Unknown 0-0: Ball
1-0: Called Strike
1-1: Called Strike
1-2: Ground out U3 (Groundball, 3S)
Batting: RHB Jim Unknown 0-0: Called Strike
0-1: Ball
1-1: Foul Ball, location: 2F
1-2: Foul Ball, location: 2F
1-2: Foul Ball, location: 2F
1-2: Ball
2-2: Foul Ball, location: 2F
2-2: Strikes out swinging
Batting: LHB Edgardo Téllez 0-0: Ball
1-0: Ball
2-0: Ground out 3-1 (Groundball, 3L)
Bottom of the 3rd over - 0 run(s), 0 hit(s), 0 error(s), 0 left on base; Atlantic City 1 - Battle Ground 1
TOP OF THE 4TH
Atlantic City Sonics batting - Pitching for Battle Ground Aeros : RHP Jim Unknown
Batting: RHB César Ramírez 0-0: Called Strike
0-1: Called Strike
0-2: Ball
1-2: Ground out 6-3 (Groundball, 6)
Batting: RHB Luis Garza 0-0: Ball
1-0: Fly out, F9 (Line Drive, 9S)
Batting: LHB Neal Hart 0-0: Foul Ball, location: 2F
0-1: Ball
1-1: Foul Ball, location: 2F
1-2: DOUBLE (Flyball, 8LXD)
Batting: RHB Chris Henderson 0-0: Swinging Strike
0-1: Called Strike
0-2: Foul Ball, location: 2F
0-2: Ball
1-2: Strikes out swinging
Top of the 4th over - 0 run(s), 1 hit(s), 0 error(s), 1 left on base; Atlantic City 1 - Battle Ground 1
BOTTOM OF THE 4TH
Battle Ground Aeros batting - Pitching for Atlantic City Sonics : RHP R.J. Anderson
Batting: RHB Jaime Chavarriaga 0-0: Called Strike
0-1: Foul Ball, location: 2F
0-2: Ball
1-2: Foul Ball, location: 2F
1-2: Ball
2-2: Ball
3-2: Base on Balls
Batting: LHB Jim Unknown 0-0: Ball
1-0: Called Strike
1-1: Ball
2-1: Fly out, F4 (Line Drive, 4)
Batting: RHB Jim Unknown 0-0: Ball
1-0: Grounds into double play, 6-4-3 (Groundball, 6)
Bottom of the 4th over - 0 run(s), 0 hit(s), 0 error(s), 0 left on base; Atlantic City 1 - Battle Ground 1
TOP OF THE 5TH
Atlantic City Sonics batting - Pitching for Battle Ground Aeros : RHP Jim Unknown
Batting: SHB David Snyder 0-0: Ball
1-0: SOLO HOME RUN (Flyball, 7D), Distance : 365 ft
Batting: LHB Kip Burks 0-0: Swinging Strike
0-1: Ball
1-1: Ball
2-1: Ball
3-1: Called Strike
3-2: Ground out 4-3 (Groundball, 34D)
Batting: LHB Francisco Ortega 0-0: Called Strike
0-1: Ball
1-1: Ball
2-1: Ground out 4-3 (Groundball, 4M)
Batting: RHB Martín Álvarez 0-0: Ball
1-0: SINGLE (Flyball, 9LS)
Batting: LHB Pedro López 0-0: Foul Ball, location: 2F
0-1: Foul Ball, location: 2F
0-2: Ball
1-2: Foul Ball, location: 2F
1-2: Ball
2-2: Foul Ball, location: 2F
2-2: Foul Ball, location: 2F
2-2: Ball
3-2: Base on Balls
Martín Álvarez to second
Batting: RHB César Ramírez 0-0: Ball
Wild Pitch!
Martín Álvarez to third
Pedro López to second
1-0: Called Strike
1-1: Ground out 6-3 (Groundball, 6M)
Top of the 5th over - 1 run(s), 2 hit(s), 0 error(s), 2 left on base; Atlantic City 2 - Battle Ground 1
BOTTOM OF THE 5TH
Battle Ground Aeros batting - Pitching for Atlantic City Sonics : RHP R.J. Anderson
Batting: RHB Jim Unknown 0-0: Called Strike
0-1: Foul Ball, location: 2F
0-2: Ball
1-2: SINGLE (Flyball, 8LS)
Batting: RHB Daniel Cooper 0-0: Bunted foul
0-1: Sac Bunt - play at first, batter OUT! 1-4
Jim Unknown to second
Batting: SHB Shawn Sánchez 0-0: Called Strike
0-1: Fly out, F6 (Popup, 5D)
Batting: RHB Jim Unknown 0-0: Ball
1-0: SINGLE (Groundball, 6M)
Jim Unknown to third
Runner from 3rd tries for Home, throw and OUT!
Bottom of the 5th over - 0 run(s), 2 hit(s), 0 error(s), 1 left on base; Atlantic City 2 - Battle Ground 1
TOP OF THE 6TH
Atlantic City Sonics batting - Pitching for Battle Ground Aeros : RHP Jim Unknown
Batting: RHB Luis Garza 0-0: Ball
1-0: Called Strike
1-1: Foul Ball, location: 2F
1-2: DOUBLE (Flyball, 7LM)
Batting: LHB Neal Hart 0-0: Intentional Walk
Batting: RHB Chris Henderson 0-0: Sac Bunt - play at first, batter OUT! 1-4
Luis Garza to third
Neal Hart to second
Batting: SHB David Snyder 0-0: Ball
1-0: Called Strike
1-1: Fly out, F8 (Flyball, 8RD)
Runner from 3rd tags up, SCORES, no throw
Batting: LHB Kip Burks 0-0: Ball
1-0: Called Strike
1-1: Ground out U3 (Groundball, 3)
Top of the 6th over - 1 run(s), 1 hit(s), 0 error(s), 1 left on base; Atlantic City 3 - Battle Ground 1
BOTTOM OF THE 6TH
Battle Ground Aeros batting - Pitching for Atlantic City Sonics : RHP R.J. Anderson
Batting: RHB Jim Unknown 0-0: Swinging Strike
0-1: Ball
1-1: Ball
2-1: Ball
3-1: Swinging Strike
3-2: Base on Balls
Batting: LHB Edgardo Téllez 0-0: Called Strike
0-1: Foul Ball, location: 2F
0-2: Foul Ball, location: 2F
0-2: SINGLE (Groundball, 3D)
Jim Unknown to second
Runner from 2nd tries for 3rd, SAFE, throw made to third
Batting: RHB Jaime Chavarriaga 0-0: Ball
1-0: Ball
2-0: Called Strike
2-1: Foul Ball, location: 2F
2-2: Fly out, F7 (Flyball, 78XD)
Runner from 3rd tags up, SCORES, no throw
Batting: LHB Jim Unknown 0-0: SINGLE (Line Drive, 78S)
Edgardo Téllez to second
Batting: RHB Jim Unknown 0-0: Ball
1-0: Swinging Strike
1-1: Called Strike
1-2: Ball
2-2: Foul Ball, location: 2F
2-2: Foul Ball, location: 2F
2-2: Ball
3-2: Strikes out looking
Batting: RHB Jim Unknown 0-0: Ball
1-0: Ball
2-0: Called Strike
2-1: Ball
3-1: Base on Balls
Edgardo Téllez to third
Jim Unknown to second
Batting: RHB Daniel Cooper 0-0: Called Strike
0-1: Ball
1-1: Ball
2-1: SINGLE (Line Drive, 34)
Edgardo Téllez scores
Jim Unknown to third
Jim Unknown to second
Runner from 3rd tries for Home, SAFE, no throw or cutoff
Batting: SHB Shawn Sánchez 0-0: Ball
1-0: Ground out 4-3 (Groundball, 13)
Bottom of the 6th over - 3 run(s), 3 hit(s), 0 error(s), 2 left on base; Atlantic City 3 - Battle Ground 4
TOP OF THE 7TH
Atlantic City Sonics batting - Pitching for Battle Ground Aeros : RHP Jim Unknown
Batting: LHB Francisco Ortega 0-0: Called Strike
0-1: Ball
1-1: Ball
2-1: Ball
3-1: Called Strike
3-2: Fly out, F7 (Line Drive, 78M)
Batting: RHB Martín Álvarez 0-0: Called Strike
0-1: Ground out 5-3 (Groundball, 56)
Batting: LHB Pedro López 0-0: Ball
1-0: Ball
2-0: Called Strike
2-1: Foul Ball, location: 2F
2-2: Foul Ball, location: 2F
2-2: Foul Ball, location: 2F
2-2: Foul Ball, location: 2F
2-2: Foul Ball, location: 2F
2-2: Ball
3-2: Foul Ball, location: 2F
3-2: Ground out U3 (Groundball, 3S)
Top of the 7th over - 0 run(s), 0 hit(s), 0 error(s), 0 left on base; Atlantic City 3 - Battle Ground 4
BOTTOM OF THE 7TH
Battle Ground Aeros batting - Pitching for Atlantic City Sonics : RHP R.J. Anderson
Batting: RHB Jim Unknown 0-0: Ball
1-0: Called Strike
1-1: Called Strike
1-2: Ball
2-2: Foul Ball, location: 2F
2-2: Fly out, F8 (Flyball, 8RM)
Batting: RHB Jim Unknown 0-0: Called Strike
0-1: Swinging Strike
0-2: Ball
1-2: SINGLE (Line Drive, 8RS)
Pitching: LHP Miguel Canó
Batting: LHB Edgardo Téllez 0-0: Foul Ball, location: 2F
0-1: Foul Ball, location: 2F
0-2: Foul Ball, location: 2F
0-2: Ball
1-2: Fly out, F8 (Flyball, 8RM)
Batting: RHB Jaime Chavarriaga 0-0: Ball
1-0: Ball
2-0: Swinging Strike
2-1: Swinging Strike
2-2: Strikes out looking
Bottom of the 7th over - 0 run(s), 1 hit(s), 0 error(s), 1 left on base; Atlantic City 3 - Battle Ground 4
TOP OF THE 8TH
Atlantic City Sonics batting - Pitching for Battle Ground Aeros : RHP Jim Unknown
Pitching: LHP Jim Unknown
Batting: RHB César Ramírez 0-0: Swinging Strike
0-1: Ball
1-1: Foul Ball, location: 2F
1-2: Ball
2-2: Fly out, F3 (Popup, 3DF)
Batting: RHB Luis Garza 0-0: Ball
1-0: Called Strike
1-1: Foul Ball, location: 2F
1-2: Strikes out swinging
Batting: LHB Neal Hart 0-0: Called Strike
0-1: Swinging Strike
0-2: Strikes out swinging
Top of the 8th over - 0 run(s), 0 hit(s), 0 error(s), 0 left on base; Atlantic City 3 - Battle Ground 4
BOTTOM OF THE 8TH
Battle Ground Aeros batting - Pitching for Atlantic City Sonics : LHP Miguel Canó
Batting: LHB Jim Unknown 0-0: Ball
1-0: Ball
2-0: Called Strike
2-1: DOUBLE (Flyball, 78D)
Batting: RHB Jim Unknown 0-0: Foul Ball, location: 2F
0-1: Ground out 5-3 (Groundball, 56)
Batting: RHB Jim Unknown 0-0: Foul Ball, location: 2F
0-1: 2-RUN HOME RUN (Flyball, 9LD), Distance : 354 ft
Batting: RHB Daniel Cooper 0-0: Ball
1-0: Ball
2-0: Swinging Strike
2-1: Swinging Strike
2-2: Ball
3-2: Strikes out swinging
Batting: SHB Shawn Sánchez 0-0: Foul Ball, location: 2F
0-1: Foul Ball, location: 2F
0-2: Foul Ball, location: 2F
0-2: Foul Ball, location: 2F
0-2: Fly out, F8 (Flyball, 8LM)
Bottom of the 8th over - 2 run(s), 2 hit(s), 0 error(s), 0 left on base; Atlantic City 3 - Battle Ground 6
TOP OF THE 9TH
Atlantic City Sonics batting - Pitching for Battle Ground Aeros : LHP Jim Unknown
Batting: RHB Chris Henderson 0-0: Ball
1-0: Swinging Strike
1-1: Ball
2-1: SINGLE (Groundball, 6M)
Batting: SHB David Snyder 0-0: Called Strike
0-1: Ball
1-1: Foul Ball, location: 2F
1-2: SINGLE (Groundball, 56D) (infield hit)
Chris Henderson to second
Batting: LHB Kip Burks 0-0: Called Strike
0-1: Ball
1-1: Foul Ball, location: 2F
1-2: Strikes out swinging
Batting: LHB Francisco Ortega 0-0: Called Strike
0-1: Called Strike
0-2: Strikes out swinging
Batting: RHB Martín Álvarez 0-0: Reached on error, E5 (Groundball, 5)
Chris Henderson to third
David Snyder to second
Pinch Hitting: RHB John Terry 0-0: Ball
1-0: Called Strike
1-1: Ball
2-1: Ball
3-1: Swinging Strike
3-2: Foul Ball, location: 2F
3-2: Foul Ball, location: 2F
3-2: Foul Ball, location: 2F
3-2: Foul Ball, location: 2F
3-2: Strikes out looking
Top of the 9th over - 0 run(s), 2 hit(s), 1 error(s), 3 left on base; Atlantic City 3 - Battle Ground 6
This league is powered by Out of the Park Baseball, the baseball management simulation game for PC, Mac and Linux
Friday, April 15th, 2016 - OOTP Baseball 16.9 Build 39